 Dungeon Crawl Stone Soup version 0.29-a0-575-g0dc89cf053 (webtiles) character file.

Game seed: 10266005879455120052

255 HoaS the Quickloader (level 6, -9/35 HPs)
             Began as a Kobold Hunter on June 12, 2022.
             Killed from afar by Ijyb (24 damage)
             ... with a bolt of acid
             ... on level 3 of the Dungeon.
             The game lasted 00:05:11 (2417 turns).

HoaS the Quickloader (Kobold Hunter)                Turns: 2417, Time: 00:05:11

Health: -9/35      AC:  8    Str:  8    XL:     6   Next: 38%
Magic:  6/6        EV: 12    Int: 10    God:
Gold:   197        SH:  0    Dex: 18    Spells: 5/5 levels left

rFire   + + +      SeeInvis .   a - +2 hand crossbow (vorpal)
rCold   + + .      Faith    .   (no shield)
rNeg    . . .      Spirit   .   r - +4 ring mail "Peebi" {Drain rPois rF+++ rC++ Dex-3}
rPois   +          Reflect  .   d - +0 helmet
rElec   .          Harm     .   (no cloak)
rCorr   .          Rampage  .   (no gloves)
Will    .....                   o - +1 pair of boots
Stlth   ++........              (no amulet)
HPRegen 0.11/turn               (no ring)
MPRegen 0.10/turn               (no ring)

@: about to teleport, corroded
A: small, no large weapons, nightstalker 3
a: no special abilities


You were on level 3 of the Dungeon.
You visited 1 branch of the dungeon, and saw 3 of its levels.

You collected 197 gold pieces.

Inventory:

Hand Weapons
 a - a +2 vorpal hand crossbow (weapon)
Armour
 b - a +0 leather armour
 d - a +0 helmet (worn)
 o - a +1 pair of boots (worn)
 r - the +4 ring mail "Peebi" (worn) {Drain rPois rF+++ rC++ Dex-3}
   (You found it on level 3 of the Dungeon)

   Dex:       It affects your dexterity (-3).
   rF:        It renders you almost immune to fire.
   rC:        It greatly protects you from cold.
   rPois:     It protects you from poison.
   Drain:     It drains your maximum health when unequipped.
Jewellery
 q - a ring of ice
Wands
 p - a wand of digging (4)
Scrolls
 c - 2 scrolls of immolation
 h - a scroll of teleportation
 m - a scroll of brand weapon
Potions
 f - a potion of might {unknown}
 g - a potion of attraction {unknown}
 i - 4 potions of mutation
 j - 2 potions of brilliance {unknown}
 k - a potion of magic {unknown}
 l - a potion of berserk rage {unknown}
 n - a potion of heal wounds {unknown}


   Skills:
 - Level 2.1 Fighting
 + Level 9.5 Crossbows
 - Level 2.4 Dodging
 - Level 1.3 Stealth


You had 5 spell levels left.
You didn't know any spells.
Your spell library was empty.

Dungeon Overview and Level Annotations

Branches:
Dungeon (3/15)

Altars:
Ru

Annotations:
D:3 Ijyb


Innate Abilities, Weirdness & Mutations

You are small and have problems with some larger weapons.
You are completely attuned to the shadows.


Message History

You see here 6 javelins.
A hobgoblin comes into view.
You shoot a bolt. The bolt hits the hobgoblin.
You kill the hobgoblin!
No target in view!
No target in view!
You see here a hobgoblin skeleton.
You open the door.
Found a hand axe.
There is an open door here.
You now have 197 gold pieces (gained 14).
Ijyb and a frilled lizard come into view.
Ijyb is wielding a +0 club and carrying a wand of acid (7).
You shoot a bolt. The bolt hits Ijyb but does no damage.
Ijyb shouts!
The frilled lizard hisses angrily.
Ijyb zaps a wand.
The bolt of acid misses you.
You shoot a bolt. The bolt misses the frilled lizard.
You shoot a bolt. The bolt hits the frilled lizard.
You kill the frilled lizard!
You shoot a bolt. The bolt hits Ijyb but does no damage.
Ijyb zaps a wand.
The bolt of acid hits you! The acid corrodes you!
As you read the scroll of teleportation, it crumbles to dust.
You feel strangely unstable. Ijyb hits you but does no damage.
Okay, then.
The air fills with toxic fumes!
As you read the scroll of poison, it crumbles to dust.
Ijyb hits you with a +0 club.
Okay, then.
Shoot: a) +2 hand crossbow (vorpal)
Press: ? - help, Q - select action Shift-Dir - straight line, f/p - Ijyb
Aim: Ijyb, wielding a +0 club, wearing a +0 scale mail and carrying a wand of acid (5) (66% to hit)
You shoot a bolt. The bolt hits Ijyb but does no damage.
Ijyb completely misses you.
Shoot: a) +2 hand crossbow (vorpal)
Press: ? - help, Q - select action Shift-Dir - straight line, f/p - Ijyb
Aim: Ijyb, wielding a +0 club, wearing a +0 scale mail and carrying a wand of acid (5) (66% to hit)
You shoot a bolt. The bolt closely misses Ijyb.
Ijyb zaps a wand.
The bolt of acid hits you!!
Ouch! That really hurt!
You die...

.......#.#########.#.#.####......
.)...(.#...........#.#....'......
.......#..####÷......######......
###..###..####.####### #......
##.# #....§#§###### #######
#.###.###§§§§§§§§§ #..##.#
#§§§§§§§§§ ##.##.# #§§§§§§§§§
#..#.# ##§§§@§§§§ ##.#.#
#§§§g§§§§ #...# #§§§§§§§§
#######..####§§§§§§§§
......#.....#§§§§§§§§
......#..##.# ......#..#..#
......##>#.## ......####.#


You could see Ijyb.

Vanquished Creatures
  A necrophage (D:3)
  A hound (D:3)
  Natasha (thrice) (D:2)
  2 adders
  4 dart slugs (D:1)
  An orc (D:3)
  5 bats
  2 endoplasms
  5 giant cockroaches
  5 hobgoblins
  7 jackals (D:3)
  7 kobolds
  5 quokkas
  2 ball pythons (D:3)
  6 frilled lizards
  3 goblins
  2 rats
61 creatures vanquished.

Vanquished Creatures (others)
  A plant (D:1)
1 creature vanquished.

Grand Total: 62 creatures vanquished

Notes
Turn   | Place    | Note
-------+----------+-------------------------------------------
     0 | D:1      | HoaS the Kobold Hunter began the quest for the Orb.
     0 | D:1      | Reached XP level 1. HP: 12/12 MP: 1/1
    83 | D:1      | Reached XP level 2. HP: 17/17 MP: 2/2
    89 | D:1      | Reached skill level 6 in Crossbows
   273 | D:1      | Reached XP level 3. HP: 21/21 MP: 3/3
   855 | D:2      | Noticed Natasha
   863 | D:2      | Killed Natasha
   864 | D:2      | Reached skill level 7 in Crossbows
   864 | D:2      | Reached XP level 4. HP: 7/26 MP: 4/4
  1116 | D:2      | Found a sacrificial altar of Ru.
  1156 | D:2      | Noticed Natasha
  1166 | D:2      | Killed Natasha
  1354 | D:2      | Noticed Natasha
  1359 | D:2      | Killed Natasha
  1360 | D:2      | Reached skill level 8 in Crossbows
  1360 | D:2      | Reached XP level 5. HP: 28/30 MP: 5/5
  1668 | D:2      | Found a faded altar of an unknown god.
  2067 | D:3      | Reached skill level 9 in Crossbows
  2067 | D:3      | Reached XP level 6. HP: 24/35 MP: 6/6
  2241 | D:3      | Identified the +4 ring mail "Peebi" {Drain rPois rF+++ rC++
                  | Dex-3}
  2409 | D:3      | Noticed Ijyb
  2417 | D:3      | Killed from afar by Ijyb

Illustrated notes

Levels and vault maps discovered:
D:1:      lightli_arrival_chessboard, layout_rooms, serial_forest,
          infiniplex_forest_3_way, infiniplex_forest_zigzag_1,
          infiniplex_forest_straight_3, infiniplex_forest_straight_4,
          infiniplex_forest_join, minmay_pentomino_u2
D:2:      layout_rooms, dreamdust_ecumenical_altar_hidden_monk_grotto,
          basic_altar, wander_ebering_terrifying_dragon_lair, uniq_natasha
D:3:      layout_basic, uniq_ijyb

Skill      XL: |  1  2  3  4  5 |
---------------+----------------+-----
Crossbows      | 6 7 8 9 |  9.5
Fighting       | |  2.1
Dodging        | |  2.4
Stealth        | |  1.3

Action                   |  1- 3 |  4- 6 || total
-------------------------+-------+-------++-------
 Fire: Hand crossbow     |    50 |    97 ||   147
  Use: Scroll            |     3 |     6 ||     9
Armor: Leather armour    |     2 |    15 ||    17
       Ring mail         |       |     1 ||     1
Dodge: Dodged            |    12 |    39 ||    51

Table legend: (Time is in decaauts)
 A = Elapsed time spent in this place.
 B = Non-inter-level travel time spent in this place.
 C = Inter-level travel time spent in this place.
 D = Time resting spent in this place.
 E = Time spent auto-exploring this place.
 F = Levels seen in this place.
 G = Mean time per level.
                   A        B        C        D        E       F      G
               +--------+--------+--------+--------+--------+-----+--------+
         Total |   2441 |   2343 |     98 |    572 |   1428 |   3 |  813.7 |
       Dungeon |   2441 |   2343 |     98 |    572 |   1428 |   3 |  813.7 |
               +--------+--------+--------+--------+--------+-----+--------+

Top non-repeatable levels by time:
     D:2: 926 daAuts
     D:1: 820 daAuts
     D:3: 695 daAuts
